 Dungeon Crawl Stone Soup version 0.28-a0-519-gbfeecf2fc5 (webtiles) character file.

Game seed: 1960406350903387005

51 sergeynaz the Grasshopper (level 3, 0/29 HPs)
             Began as a Palentonga Warper on Sept 23, 2021.
             Slain by Ijyb (6 damage)
             ... on level 2 of the Dungeon.
             The game lasted 00:08:13 (1566 turns).

sergeynaz the Grasshopper (Palentonga Warper)       Turns: 1566, Time: 00:08:13

Health: 0/29       AC:  5    Str: 15    XL:     3   Next: 58%
Magic:  6/6        EV:  9    Int: 13    God:
Gold:   110        SH:  0    Dex:  9    Spells: 6/6 levels left

rFire   . . .      SeeInvis +   a - +0 spear
rCold   . . .      Faith    .   (no shield)
rNeg    . . .      Spirit   .   b - +0 leather armour
rPois   .          Reflect  .   (no helmet)
rElec   .          Harm     .   (no cloak)
rCorr   .          Rampage  .   j - +0 pair of gloves
Will    .....                   (no barding)
Stlth   +.........              (no amulet)
HPRegen 0.09/turn               (no ring)
MPRegen 0.10/turn               (no ring)

@: no status effects
A: large, rugged brown scales 3, see invisible, deformed body, roll 1, armoured
tail
a: Rolling Charge


You were on level 2 of the Dungeon.
You visited 1 branch of the dungeon, and saw 2 of its levels.

You collected 110 gold pieces.

Inventory:

Hand Weapons
 a - a +0 spear (weapon)
Missiles
 d - 4 boomerangs of dispersal (quivered)
Armour
 b - a +0 leather armour (worn)
 j - a +0 pair of gloves (worn)
Scrolls
 c - a scroll of blinking
 e - a scroll of enchant weapon {unknown}
 g - a scroll of immolation {unknown}
 h - a scroll of identify {unknown}
Potions
 f - a potion of cancellation {unknown}
 i - a potion of degeneration {unknown}


   Skills:
 + Level 2.5 Fighting
 + Level 2.3 Polearms
 - Level 0.6 Throwing
 - Level 0.7 Armour
 - Level 1.5 Dodging
 + Level 2.4 Spellcasting
 * Level 3.5 Translocations


You had 6 spell levels left.
You didn't know any spells.
Your spell library contained the following spells:

 Spells                   Type           Power      Damage    Failure   Level
 Blink                    Tloc           N/A        N/A       11%         2
 Gell's Gravitas          Tloc           5%         N/A       21%         3
 Lesser Beckoning         Tloc           10%        N/A       21%         3
 Teleport Other           Tloc           10%        N/A       21%         3
 Manifold Assault         Tloc           10%        N/A       88%         5


Dungeon Overview and Level Annotations

Branches:
Dungeon (2/15)

Altars:

Annotations:
D:2 Ijyb


Innate Abilities, Weirdness & Mutations

You are completely covered in rugged brown scales. (AC +3, +7% HP)
You have supernaturally acute eyesight. (SInv)
Armour fits poorly on your strangely shaped body.
You can roll at nearby foes to attack.
You have a long armoured tail.


Message History

You feel less confused. Ijyb closely misses you.
You hit Ijyb.
Ijyb is moderately wounded.
Ijyb zaps a wand.
Your will is overpowered!
You are confused.
The now-empty wand crumbles to dust.
You bump into the rock wall.
Ijyb hits you with a +0 club.
You bump into the rock wall.
Ijyb hits you but does no damage.
You bump into the rock wall.
Ijyb hits you but does no damage.
You bump into the rock wall.
Ijyb hits you but does no damage.
You hit Ijyb but do no damage.
Ijyb is moderately wounded.
Ijyb barely misses you.
You miss Ijyb.
Ijyb is moderately wounded.
Ijyb closely misses you.
You bump into the rock wall.
You feel less confused. Ijyb barely misses you.
You barely miss Ijyb.
Ijyb is moderately wounded.
Ijyb closely misses you.
You barely miss Ijyb.
Your tail-slap misses Ijyb.
Ijyb is moderately wounded.
Ijyb barely misses you.
You hit Ijyb but do no damage.
Ijyb is moderately wounded.
Ijyb hits you but does no damage.
You barely miss Ijyb.
Ijyb is moderately wounded.
Ijyb hits you with a +0 club.
You hit Ijyb but do no damage.
Ijyb is moderately wounded.
Ijyb hits you with a +0 club.
* * * LOW HITPOINT WARNING * * *
You hit Ijyb but do no damage.
Ijyb is moderately wounded.
Ijyb hits you with a +0 club.
You die...

#........#########.##.##.##
#######...............##.#
##)#########.#.....# #.#
#.#.##### #.# #.#.# #.#
#.#.# #.# #.#.## #.#######
#..#.## #gg@....###.###.##
>.....gg#####.##.## ##.#
........# ##.###..#
8.....8## ##.#.#.###
....... ##....... 8.....8
####.#.. ....... #....
8g....8 #.... #....


You could see Ijyb and 3 goblins.

Vanquished Creatures
  An adder (D:2)
  A worm (D:2)
  4 ball pythons
  An endoplasm (D:2)
  A giant cockroach (D:1)
  5 goblins
  4 hobgoblins
  4 jackals (D:1)
  3 kobolds (D:2)
  3 quokkas
  3 bats (D:1)
  2 frilled lizards (D:1)
  A rat (D:1)
33 creatures vanquished.

Notes
Turn   | Place    | Note
-------+----------+-------------------------------------------
     0 | D:1      | sergeynaz the Palentonga Warper began the quest for the
                  | Orb.
     0 | D:1      | Reached XP level 1. HP: 17/17 MP: 3/3
   234 | D:1      | Reached XP level 2. HP: 21/23 MP: 5/5
   237 | D:1      | Found a faded altar of an unknown god.
   775 | D:2      | Reached XP level 3. HP: 19/29 MP: 6/6
  1520 | D:2      | Noticed Ijyb
  1566 | D:2      | Slain by Ijyb

Illustrated notes

Levels and vault maps discovered:
D:1:      wander_arrival_peaceful_grave, layout_basic,
          ebering_ecumenical_altar_sacrificial, minmay_misc_feat_encased
D:2:      kennysheep_the_goblin_king, layout_loops_ring, serial_shops,
          nicolae_shop_trees

Skill      XL: |  1 |
---------------+----+-----
Polearms       | 2 |  2.3
Fighting       | |  2.5
Throwing       | |  0.6
Armour         | |  0.7
Dodging        | |  1.5
Spellcasting   | |  2.4
Translocations | |  3.5

Action                   || total
-------------------------++-------
Melee: Spear             ||   142
       Tailslap          ||     9
Throw: Boomerang         ||     1
Armor: Leather armour    ||    54
Dodge: Dodged            ||    66

Table legend: (Time is in decaauts)
 A = Elapsed time spent in this place.
 B = Non-inter-level travel time spent in this place.
 C = Inter-level travel time spent in this place.
 D = Time resting spent in this place.
 E = Time spent auto-exploring this place.
 F = Levels seen in this place.
 G = Mean time per level.
                   A        B        C        D        E       F      G
               +--------+--------+--------+--------+--------+-----+--------+
         Total |   1564 |   1547 |     17 |    451 |    409 |   2 |  782.0 |
       Dungeon |   1564 |   1547 |     17 |    451 |    409 |   2 |  782.0 |
               +--------+--------+--------+--------+--------+-----+--------+

Top non-repeatable levels by time:
     D:2: 834 daAuts
     D:1: 729 daAuts
